 Dungeon Crawl Stone Soup version 0.25-a0-731-g0472a16d6a (webtiles) character file.

Game seed: 17073193784450135151, levelgen mode: deterministic

108 MisterFreud the Changer (level 4, -2/28 HPs)
             Began as an Octopode Transmuter on Apr 8, 2020.
             Killed from afar by an orc wizard (7 damage)
             ... with a magic dart
             ... on level 3 of the Dungeon.
             The game lasted 00:03:10 (2487 turns).

MisterFreud the Changer (Octopode Transmuter)       Turns: 2487, Time: 00:03:11

Health: -2/28      AC:  1    Str:  9    XL:     4   Next: 87%
Magic:  7/8        EV: 13    Int: 16    God:
Gold:   129        SH:  0    Dex: 14    Spells: 3/9 levels left

rFire    . . .     SeeInvis .     - Unarmed
rCold    . . .     Gourm    .   (no shield)
rNeg     . . .     Faith    .   (helmet restricted)
rPois    .         Spirit   .   (no amulet)
rElec    .         Reflect  .   e - ring of stealth
rCorr    .         Harm     .   p - +2 ring of dexterity
MR       .....                  (no ring)
Stlth    +++.......             (no ring)
HPRegen  0.09/turn              (no ring)
MPRegen  0.11/turn              (no ring)
                                (no ring)
                                (no ring)

@: lethally poisoned (-2 -> -16)
A: almost no armour, stealthy swim, amphibious, 8 rings, constrict 8, camouflage
1, gelatinous body 1
a: no special abilities


You were on level 3 of the Dungeon.
You were not hungry.

You visited 1 branch of the dungeon, and saw 3 of its levels.

You collected 129 gold pieces.

Inventory:

Missiles
 a - 45 arrows
 i - 71 stones (quivered)
 m - 23 bolts
 n - 10 poisoned darts
Jewellery
 e - a ring of stealth (left tentacle)
 p - a +2 ring of dexterity (right tentacle)
Scrolls
 b - 3 scrolls of teleportation {unknown}
 d - a scroll of fog {unknown}
 g - a scroll of blinking {unknown}
 j - a scroll of remove curse {unknown}
 l - 2 scrolls of identify {unknown}
 o - a scroll of enchant weapon {unknown}
 s - a scroll of immolation {unknown}
Potions
 f - a potion of stabbing {unknown}
 h - a potion of invisibility {unknown}
 k - a potion of curing {unknown}
 q - a potion of cancellation {unknown}
 r - a potion of flight {unknown}
Comestibles
 c - 8 rations


   Skills:
 - Level 1.0 Fighting
 - Level 2.0 Dodging
 - Level 3.0 Unarmed Combat
 - Level 3.0 Spellcasting
 * Level 4.1 Transmutations


You had 3 spell levels left.
You knew the following spells:

 Your Spells              Type           Power        Failure   Level  Hunger
a - Beastly Appendage     Tmut           ###...       3%          1    #......
b - Sticks to Snakes      Tmut           ###.....     4%          2    ##.....
c - Spider Form           Tmut/Pois      #.........   24%         3    ###....

Your spell library contained the following spells:

 Spells                   Type           Power        Failure   Level  Hunger
 Confusing Touch          Hex            #.......     50%         3    ###....
 Gell's Gravitas          Tloc           #.........   50%         3    ###....
 Ice Form                 Ice/Tmut       #.......     61%         4    #####..
 Petrify                  Tmut/Erth      #.......     61%         4    #####..
 Blade Hands              Tmut           ###.......   67%         5    ######.
 Yara's Violent Unravell  Hex/Tmut       #.........   91%         5    ######.
 Metabolic Englaciation   Hex/Ice        #.........   99%         5    ######.


Dungeon Overview and Level Annotations

Branches:
Dungeon (3/15)

Altars:


Innate Abilities, Weirdness & Mutations

You cannot wear most types of armour.
You are very stealthy in the water. (Stealth+)
You are amphibious.
You can wear up to eight rings at the same time.
You can use your tentacles to constrict eight enemies at once.
Your skin changes colour to match your surroundings (Stealth+).
Your rubbery body absorbs attacks. (AC +1, EV +1)


Message History

The orc wizard hits you but does no damage.
You barely miss the orc wizard.
You feel sick.
The orc wizard hits you but does no damage.
You hit the orc wizard.
The orc wizard looks as sick as possible!
The orc wizard is moderately wounded.
You feel sick. The orc wizard barely misses you.
You hit the orc wizard but do no damage.
The orc wizard looks as sick as possible!
The orc wizard is moderately wounded.
You feel sick.
The orc wizard points at you and mumbles some strange words.
The magic dart hits you!
* * * LOW HITPOINT WARNING * * *
Your transformation has ended.
* * * LOW HITPOINT WARNING * * *
You feel sick.
The orc wizard points at you and mumbles some strange words.
The magic dart hits you!
You die...

#.# #.# #.# #[#
#.#♣♣♣♣♣ #..).).♣♣
♣ #.......♣♣♣
♣♣...
#.#♣♣♣♣♣..♣♣♣....♣
#.# ♣♣♣)@oo♣ #.##
♣♣♣♣♣♣ #..# ##.##
#..# ##.# #.# #.#
#.#


You could see an orc wizard and an orc.

Vanquished Creatures
  An orc wizard (D:3)
  An adder (D:2)
  2 worms
  4 dart slugs
  2 orcs (D:3)
  5 giant cockroaches
  10 goblins
  6 hobgoblins
  6 bats
  4 frilled lizards
  11 kobolds
  A leopard gecko skeleton (D:2)
  5 rats
58 creatures vanquished.

Notes
Turn   | Place    | Note
-------+----------+-------------------------------------------
     0 | D:1      | MisterFreud the Octopode Transmuter began the quest for the
                  | Orb.
     0 | D:1      | Reached XP level 1. HP: 13/13 MP: 3/3
    41 | D:1      | Reached XP level 2. HP: 9/18 MP: 5/5
   646 | D:1      | Reached skill level 3 in Transmutations
   819 | D:1      | Reached XP level 3. HP: 16/23 MP: 6/6
  1562 | D:2      | Learned a level 2 spell: Sticks to Snakes
  1566 | D:2      | Learned a level 3 spell: Spider Form
  1718 | D:2      | Reached XP level 4. HP: 28/28 MP: 8/8
  2477 | D:3      | Reached skill level 4 in Transmutations
  2487 | D:3      | Killed from afar by an orc wizard

Levels and vault maps discovered:
D:1:      psy_arrival_fountain, layout_basic, roderic_lattice_a
D:2:      layout_loops_ring, first_ration
D:3:      kb_forest_paths, layout_basic

Skill      XL: |  1  2  3  4 |
---------------+-------------+-----
Transmutations | 3 4 |  4.1
Spellcasting   | 3 |  3.0
Fighting       | |  1.0
Dodging        | |  2.0
Unarmed Combat | |  3.0

Action                   |  1- 3 |  4- 6 || total
-------------------------+-------+-------++-------
Melee: Unarmed           |   107 |    39 ||   146
       Constrict         |    25 |     6 ||    31
       Kick              |     2 |       ||     2
       Tentacles         |    18 |     3 ||    21
       Punch             |     3 |     1 ||     4
 Cast: Beastly Appendage |     1 |       ||     1
       Spider Form       |       |     1 ||     1
 Abil: End Transformatio |       |     1 ||     1
 Stab: Distracted        |     2 |       ||     2
       Sleeping          |     3 |     7 ||    10
  Eat: Chunk             |     3 |     2 ||     5
Armor: Skin              |    11 |     2 ||    13
Dodge: Dodged            |    68 |    13 ||    81

Table legend:
 A = Non-vault XP
 B = Vault XP
 C = Vault XP percentage of total XP
 D = Non-vault monster count
 E = Vault monster count
 F = Vault count percentage of total count
                 A         B        C        D         E       F
            +---------+---------+-------+---------+---------+-------
      Total |     155 |       0 |   0.0 |      58 |       0 |   0.0
            +---------+---------+-------+---------+---------+-------
        D:1 |      52 |       0 |   0.0 |      33 |       0 |   0.0
        D:2 |      46 |       0 |   0.0 |      16 |       0 |   0.0
        D:3 |      57 |       0 |   0.0 |       9 |       0 |   0.0
            +---------+---------+-------+---------+---------+-------
